 Dungeon Crawl Stone Soup version 0.26.1-11-gd32895ea62 (webtiles) character file.

Game seed: 10270888126606773004

691 tardwrangler69 the Spear-Bearer (level 7, -1/50 HPs)
             Began as a Merfolk Gladiator on Apr 27, 2021.
             Asphyxiated
             ... on level 4 of the Dungeon.
             The game lasted 00:04:15 (5416 turns).

tardwrangler69 the Spear-Bearer (Merfolk Gladiator) Turns: 5416, Time: 00:04:16

Health: -1/50      AC:  3    Str: 22    XL:     7   Next: 63%
Magic:  7/7        EV: 14    Int:  8    God:
Gold:   129        SH:  0    Dex: 15    Spells: 6/6 levels left

rFire    . . .     SeeInvis .   a - +1 trident
rCold    . . .     Faith    .   (no shield)
rNeg     . . .     Spirit   .   g - +0 leather armour
rPois    .         Reflect  .   c - +1 helmet
rElec    .         Harm     .   (no cloak)
rCorr    .         Rampage  .   (no gloves)
Will     .....                  (no boots)
Stlth    +.........             (no amulet)
HPRegen  0.16/turn              o - +6 ring of strength
MPRegen  0.10/turn              (no ring)

@: lethally poisoned (-1 -> -17), slowed, very slow
A: change form in water, swift swim, stealthy swim, deformed body, frail 1,
MP-powered wands
a: no special abilities


You were on level 4 of the Dungeon.
You visited 1 branch of the dungeon, and saw 4 of its levels.

You collected 129 gold pieces.

Inventory:

Hand Weapons
 a - a +1 trident (weapon)
Missiles
 d - 5 throwing nets (quivered)
 m - 9 poisoned darts
Armour
 c - a +1 helmet (worn)
 g - a +0 leather armour (worn)
Jewellery
 o - a +6 ring of strength (left hand)
Wands
 f - a wand of paralysis (9)
Scrolls
 b - 2 scrolls of teleportation
 h - 3 scrolls of identify
 i - 3 scrolls of enchant armour
 k - a scroll of fog {unknown}
Potions
 e - a potion of haste
 j - a potion of degeneration {unknown}
 n - a potion of brilliance
 p - 2 potions of invisibility {unknown}


   Skills:
 + Level 5.4 Fighting
 * Level 10.4 Polearms
 - Level 2.0 Throwing
 - Level 4.0 Dodging


You had 6 spell levels left.
You didn't know any spells.
Your spell library was empty.

Dungeon Overview and Level Annotations

Branches:
Dungeon (4/15)
 Temple: D:4-7

Altars:
Vehumet

Annotations:
D:4 exclusion: statue


Innate Abilities, Weirdness & Mutations

You revert to your normal form in water.
You are very nimble and swift while swimming.
You are very stealthy in the water. (Stealth+)
Armour fits poorly on your strangely shaped body.
You are frail. (-10% HP)
You expend magic power (3 MP) to strengthen your wands.


Message History

The white imp gestures at you. The puff of frost misses you.
The wight throws a curare-tipped dart.
The curare-tipped dart hits you.
You are lethally poisoned!
You have difficulty breathing.
You feel as though you will be slow longer.
There is a lethal amount of poison in your body!
There is a lethal amount of poison in your body!
There is a lethal amount of poison in your body!
You feel better.
The white imp shouts, "Embrace thy fall, thou obnoxious miscreant tiddler!"
The white imp gestures at you. The puff of frost hits you!
The white imp gestures at you. The puff of frost hits you!
* * * LOW HITPOINT WARNING * * *
The wight throws a curare-tipped dart.
The curare-tipped dart hits you.
You are lethally poisoned!
You have difficulty breathing.
You die...

............#.......##.#####.#
......[>....#........).# #.#
...........##..##.####.#.8.#.#
...........##...#.# #.#...#.#
.......(#####.#...# #.#._.#.#
........# #.#...####.#...#.#
...##'#######.#........#...#.#
...
#...#.....#........#...#.##
...
###[#.######@>.....##.##..#
... #.#.#...z)5.####........#
### #.#.##.####.#<..#..##...#
##'#.z..####.###.##....###
#......#...#.# #.##.####
#......#...#.# #.##.#
#.....W#...#.# #.##.#
#.#.#......#.# #.##.#
#.#.#..#...#.. ..##.#


You could see a wight and a white imp.

Vanquished Creatures
  2 phantoms
  3 wights
  2 bullfrog skeletons (D:4)
  2 orc priests (D:4)
  An orc wizard (D:3)
  4 worker ants
  A hound skeleton (D:4)
  5 adders
  A gnoll (D:4)
  A howler monkey skeleton (D:4)
  3 dart slugs
  A leopard gecko (D:2)
  5 orcs
  4 giant cockroaches
  7 hobgoblins
  2 jackals (D:3)
  2 quokkas (D:2)
  2 ball pythons (D:3)
  11 bats
  6 frilled lizards
  8 goblins
  5 kobolds
  7 rats
85 creatures vanquished.

Notes
Turn   | Place    | Note
-------+----------+-------------------------------------------
     0 | D:1      | tardwrangler69 the Merfolk Gladiator began the quest for
                  | the Orb.
     0 | D:1      | Reached XP level 1. HP: 16/16 MP: 1/1
   108 | D:1      | Reached skill level 5 in Polearms
   108 | D:1      | Reached XP level 2. HP: 23/23 MP: 2/2
   439 | D:1      | You fall into a shaft and drop 1 floor!
   450 | D:2      | Reached XP level 3. HP: 14/28 MP: 3/3
  1161 | D:2      | Reached skill level 6 in Polearms
  1827 | D:3      | Reached XP level 4. HP: 32/35 MP: 4/4
  2337 | D:3      | Gained mutation: You are frail. (-10% HP) [potion of
                  | mutation]
  2337 | D:3      | Gained mutation: Armour fits poorly on your strangely
                  | shaped body. [potion of mutation]
  2337 | D:3      | Gained mutation: You expend magic power (3 MP) to
                  | strengthen your wands. [potion of mutation]
  2350 | D:3      | Reached skill level 7 in Polearms
  2350 | D:3      | Reached XP level 5. HP: 22/36 MP: 5/5
  3066 | D:4      | Found a radiant altar of Vehumet.
  3067 | D:4      | Noticed a charred statue
  3134 | D:4      | Noticed a phantom
  3135 | D:4      | Noticed a phantom
  3141 | D:4      | Reached skill level 8 in Polearms
  3141 | D:4      | Reached XP level 6. HP: 29/43 MP: 6/6
  3950 | D:4      | Reached skill level 9 in Polearms
  4247 | D:3      | Reached XP level 7. HP: 32/49 MP: 7/7
  4534 | D:3      | Reached skill level 5 in Fighting
  5019 | D:4      | Reached skill level 10 in Polearms
  5416 | D:4      | Asphyxiated

Illustrated notes

Levels and vault maps discovered:
D:1:      minmay_arrival_split_and_join, layout_loops_cross
D:2:      layout_basic
D:3:      layout_basic
D:4:      layout_basic, vehumet_statue, grunt_decor_fettered,
          nicolae_alphabet_shops, minmay_diced_spiral

Skill      XL: |  1  2  3  4  5  6  7 |
---------------+----------------------+-----
Polearms       | 5 6 7 8 9 10 | 10.4
Fighting       | 3 4 5 |  5.4
Throwing       | |  2.0
Dodging        | |  4.0

Action                   |  1- 3 |  4- 6 |  7- 9 || total
-------------------------+-------+-------+-------++-------
Melee: Trident           |   126 |   190 |    83 ||   399
  Use: Scroll            |     7 |       |     1 ||     8
       Potion            |       |     5 |     1 ||     6
 Stab: Sleeping          |     2 |       |       ||     2
Armor: Leather armour    |    28 |    25 |     2 ||    55
       Skin              |       |    18 |       ||    18
Dodge: Dodged            |    60 |    93 |    38 ||   191
